[Event "Rated Blitz game"]
[Site "?"]
[Date "2021.07.23"]
[Round "?"]
[White "bosspotato"]
[Black "Rainwalker40"]
[Result "0-1"]
[ECO "C42"]
[WhiteElo "2441"]
[BlackElo "2356"]
[PlyCount "56"]
[EventDate "2021.??.??"]
[EventType "blitz"]
[TimeControl "300"]

1. e4 e5 2. Nf3 Nf6 3. Nxe5 d6 4. Nxf7 Kxf7 5. d4 c5 6. dxc5 Nc6 7. Bg5 dxc5 8.
Qf3 Nd4 9. Bc4+ Be6 10. Qd3 b5 11. Bxe6+ Nxe6 12. Bxf6 Qxd3 13. cxd3 gxf6 14.
Nc3 Nf4 15. Nxb5 Rb8 16. Na3 Nxd3+ 17. Ke2 Nxb2 18. Rab1 Be7 19. Rhc1 c4 20. f4
Bxa3 21. Rc3 Bb4 22. Rc2 c3 23. a3 Ba5 24. Rf1 Rhd8 25. e5 Rd2+ 26. Rxd2 cxd2
27. exf6 d1=Q+ 28. Rxd1 Nxd1 {Normal} 0-1

[Event "Rated Blitz game"]
[Site "?"]
[Date "2021.07.23"]
[Round "?"]
[White "Brocha"]
[Black "adnansendur"]
[Result "0-1"]
[ECO "C42"]
[WhiteElo "2503"]
[BlackElo "2454"]
[PlyCount "92"]
[EventDate "2021.??.??"]
[EventType "blitz"]
[TimeControl "180"]

1. e4 e5 2. Nf3 Nf6 3. Nxe5 d6 4. Nxf7 Kxf7 5. d4 Qe8 6. f3 c5 7. d5 Nbd7 8.
Be2 g6 9. c4 Bg7 10. Nc3 a6 11. O-O Rf8 12. Qc2 Kg8 13. f4 Qe7 14. Bf3 b5 15.
Re1 bxc4 16. Bd2 Bb7 17. e5 Ne8 18. e6 Nb6 19. a4 Bd4+ 20. Kh1 Nf6 21. a5 Nbxd5
22. Nxd5 Bxd5 23. Bxd5 Nxd5 24. Qxc4 Nxf4 25. Bxf4 Rxf4 26. Qd5 Raf8 27. Rad1
Kg7 28. b4 cxb4 29. g3 Be5 30. Rxe5 dxe5 31. Qxe5+ Kh6 32. gxf4 Qb7+ 33. Kg1
Rf5 34. Qe3 Qe7 35. Rd7 Qe8 36. Qh3+ Rh5 37. Qg4 b3 38. Rb7 b2 39. Rxb2 Qe7 40.
Re2 Qc5+ 41. Kg2 Qe7 42. Qg3 Qf6 43. h4 Qf5 44. Qg5+ Rxg5+ 45. hxg5+ Kh5 46. e7
Qg4+ {Time forfeit} 0-1

[Event "Rated Blitz tournament KUQl1zZI"]
[Site "?"]
[Date "2021.07.23"]
[Round "?"]
[White "borobudur70"]
[Black "Heri72"]
[Result "1-0"]
[ECO "C42"]
[WhiteElo "2495"]
[BlackElo "2415"]
[PlyCount "87"]
[EventDate "2021.??.??"]
[EventType "blitz"]
[TimeControl "300"]

1. e4 e5 2. Nf3 Nf6 3. Nxe5 d6 4. Nxf7 Kxf7 5. d4 g6 6. Bc4+ Kg7 7. Nc3 Nc6 8.
O-O h6 9. f4 Kh7 10. e5 Ng4 11. h3 dxe5 12. fxe5 Qxd4+ 13. Qxd4 Nxd4 14. hxg4
Bxg4 15. Rf7+ Bg7 16. Ne4 Kg8 17. Rd7+ Ne6 18. Nf2 Bf5 19. g4 b5 20. Bd5 c6 21.
gxf5 cxd5 22. fxe6 Re8 23. Rxd5 Rxe6 24. Nd3 a6 25. Be3 Kh7 26. a4 Rc8 27. axb5
axb5 28. Ra7 g5 29. Rdd7 Rg8 30. Nc5 Rc6 31. e6 Kg6 32. c3 Bf8 33. e7 Bg7 34.
e8=Q+ Rxe8 35. Rxg7+ Kh5 36. Bd4 Rd6 37. Ra6 Rdd8 38. Rh7 Re2 39. Rhxh6+ Kg4
40. Rh2 Re1+ 41. Kg2 Rde8 42. Nd3 R8e2+ 43. Nf2+ Kf5 44. Rf6# {Normal} 1-0

[Event "Rated Rapid game"]
[Site "?"]
[Date "2021.07.23"]
[Round "?"]
[White "khaledbenalyemen"]
[Black "Matias1975"]
[Result "1-0"]
[ECO "C42"]
[WhiteElo "2465"]
[BlackElo "2542"]
[PlyCount "46"]
[EventDate "2021.??.??"]
[EventType "rapid"]
[TimeControl "600"]

1. e4 e5 2. Nf3 Nf6 3. Nxe5 d6 4. Nxf7 Kxf7 5. d4 Nxe4 6. Qh5+ g6 7. Qd5+ Be6
8. Qxe4 Nc6 9. c3 Qf6 10. Be2 Re8 11. O-O Bxa2 12. Qd3 Bd5 13. Be3 a6 14. Nd2
Ne7 15. c4 Bc6 16. d5 Bd7 17. Bd4 Bf5 18. Qc3 Qg5 19. Bxh8 Nxd5 20. cxd5 Rxe2
21. Nf3 Qg4 22. Qf6+ Kg8 23. Rfe1 Re4 {Normal} 1-0

[Event "Rated Blitz tournament tIG5akCp"]
[Site "?"]
[Date "2021.07.23"]
[Round "?"]
[White "Gading8801"]
[Black "Abanamatt"]
[Result "1-0"]
[ECO "C42"]
[WhiteElo "2299"]
[BlackElo "2406"]
[PlyCount "61"]
[EventDate "2021.??.??"]
[EventType "blitz"]
[TimeControl "180"]

1. e4 e5 2. Nf3 Nf6 3. Nxe5 d6 4. Nxf7 Kxf7 5. Bc4+ d5 6. exd5 Bd6 7. O-O Re8
8. h3 a6 9. a4 Nbd7 10. Nc3 Ne5 11. Bb3 Kg8 12. d4 Ng6 13. Bg5 Bf5 14. Qf3 Qc8
15. Bxf6 gxf6 16. Rae1 Rxe1 17. Rxe1 Kg7 18. Ne4 Bxe4 19. Rxe4 Qd7 20. Re6 Rf8
21. c4 b6 22. Bc2 a5 23. Qg4 Re8 24. h4 Rxe6 25. dxe6 Qe8 26. h5 c5 27. d5 Be5
28. hxg6 hxg6 29. b3 Bd4 30. d6 Be5 31. d7 {Normal} 1-0

[Event "Rated Blitz game"]
[Site "?"]
[Date "2021.07.22"]
[Round "?"]
[White "aleksej1"]
[Black "Simplychess92"]
[Result "0-1"]
[ECO "C42"]
[WhiteElo "2475"]
[BlackElo "2448"]
[PlyCount "98"]
[EventDate "2021.??.??"]
[EventType "blitz"]
[TimeControl "180"]

1. e4 e5 2. Nf3 Nf6 3. Nxe5 d6 4. Nxf7 Kxf7 5. Nc3 Nc6 6. d4 g6 7. Bc4+ Kg7 8.
O-O Na5 9. Bd3 d5 10. e5 Ne8 11. f4 c5 12. f5 cxd4 13. Ne2 Nc6 14. Bf4 Bxf5 15.
Bxf5 gxf5 16. Ng3 Rg8 17. Nxf5+ Kh8 18. Qf3 Qd7 19. Bh6 Nxe5 20. Qf4 Ng6 21.
Qxd4+ Bg7 22. Nxg7 Nxg7 23. Rf3 Raf8 24. Raf1 Rxf3 25. Rxf3 Rf8 26. Re3 Qf7 27.
h3 Kg8 28. Bxg7 Qxg7 29. Qxd5+ Qf7 30. Qxf7+ Rxf7 31. c3 Kg7 32. Re2 Nf4 33.
Rd2 Ne6 34. g3 Nc5 35. Kg2 Ne4 36. Re2 Nd6 37. b3 Kf6 38. c4 Rc7 39. g4 b5 40.
cxb5 Nxb5 41. Rf2+ Kg6 42. h4 Nd4 43. Rd2 Rc2 44. Rxc2 Nxc2 45. Kf3 Nb4 46. a4
Nd3 47. Ke4 Nc5+ 48. Kd5 Nxb3 49. Kd6 a5 {Time forfeit} 0-1

[Event "Rated Blitz game"]
[Site "?"]
[Date "2021.07.22"]
[Round "?"]
[White "mared2"]
[Black "mkharin"]
[Result "0-1"]
[ECO "C42"]
[WhiteElo "2400"]
[BlackElo "2444"]
[PlyCount "102"]
[EventDate "2021.??.??"]
[EventType "blitz"]
[TimeControl "180"]

1. e4 e5 2. Nf3 Nf6 3. Nxe5 d6 4. Nxf7 Kxf7 5. d4 c5 6. dxc5 Be6 7. Nc3 Nc6 8.
f4 dxc5 9. Bd2 Bg4 10. Bc4+ Ke8 11. Qc1 Be7 12. Be3 Nd4 13. O-O Be6 14. Bxe6
Nxe6 15. h3 Kf7 16. f5 Nd4 17. e5 Nd5 18. e6+ Kf8 19. Bxd4 cxd4 20. Ne2 Bf6 21.
Kh1 Ke7 22. Qd2 Ne3 23. Rf3 Re8 24. Qd3 Kf8 25. c3 Rc8 26. cxd4 Nc2 27. Rd1 Qd5
28. a3 Red8 29. Rf4 Ne3 30. Qxe3 Rc2 31. Rd2 Rcc8 32. Nc3 Qd6 33. Ne4 Rc1+ 34.
Kh2 Qc7 35. Nxf6 gxf6 36. Qg3 Qg7 37. Qxg7+ Kxg7 38. d5 Rxd5 39. Rxd5 Re1 40.
Rb4 Re5 41. Rxe5 Kh6 42. Rxb7 a5 43. e7 fxe5 44. e8=Q Kg5 45. Qg8+ Kf4 46. Qg4+
Ke3 47. Rb3+ Kd2 48. Qc4 e4 49. Rg3 e3 50. Qc3+ Ke2 51. Rxe3+ Kd1 {Time forfeit
} 0-1

[Event "Rated Blitz game"]
[Site "?"]
[Date "2021.07.22"]
[Round "?"]
[White "Turayev_X"]
[Black "uriberto"]
[Result "0-1"]
[ECO "C42"]
[WhiteElo "2426"]
[BlackElo "2541"]
[PlyCount "50"]
[EventDate "2021.??.??"]
[EventType "blitz"]
[TimeControl "300"]

1. e4 e5 2. Nf3 Nf6 3. Nxe5 d6 4. Nxf7 Kxf7 5. d4 c6 6. Nc3 g6 7. Bd3 Bg7 8.
O-O Rf8 9. f4 Kg8 10. e5 Ng4 11. h3 Nh6 12. g4 Qh4 13. Qf3 dxe5 14. Bc4+ Kh8
15. dxe5 Bxe5 16. Be3 Bxg4 17. hxg4 Nxg4 18. Rf2 Nxf2 19. Qxf2 Qxf2+ 20. Bxf2
Rxf4 21. Bb3 Nd7 22. Re1 Raf8 23. Ne4 Rg4+ 24. Kf1 Bd4 25. Ke2 Rxe4+ {Normal}
0-1

[Event "Rated Blitz game"]
[Site "?"]
[Date "2021.07.21"]
[Round "?"]
[White "omisoc9"]
[Black "sarenka_czaruje_69"]
[Result "0-1"]
[ECO "C42"]
[WhiteElo "2363"]
[BlackElo "2463"]
[PlyCount "78"]
[EventDate "2021.??.??"]
[EventType "blitz"]
[TimeControl "180"]

1. e4 e5 2. Nf3 Nf6 3. Nxe5 d6 4. Nxf7 Kxf7 5. Nc3 c5 6. d3 Nc6 7. Be2 Be7 8.
f4 Rf8 9. g4 Kg8 10. g5 Ne8 11. Be3 Nc7 12. O-O d5 13. Bd2 dxe4 14. dxe4 Bh3
15. Rf3 Bg4 16. Rd3 Bxe2 17. Qxe2 Nd4 18. Qg2 c4 19. Rh3 Nce6 20. Rf1 Qb6 21.
Nd5 Qd8 22. Qg4 g6 23. Bc3 Bc5 24. Kh1 b5 25. Nf6+ Rxf6 26. gxf6 Qxf6 27. f5
Rf8 28. Rg3 g5 29. Rfg1 h6 30. fxe6 Qxe6 31. Qxe6+ Nxe6 32. Be5 Bxg1 33. Kxg1
Nf4 34. Re3 g4 35. Bxf4 Rxf4 36. Kg2 Kf7 37. Kg3 Rf1 38. Kxg4 Rc1 39. Kh5 Rxc2
{Time forfeit} 0-1

[Event "Rated Blitz game"]
[Site "?"]
[Date "2021.07.21"]
[Round "?"]
[White "Salvaged_Dirt"]
[Black "Colmen"]
[Result "0-1"]
[ECO "C42"]
[WhiteElo "2516"]
[BlackElo "2475"]
[PlyCount "32"]
[EventDate "2021.??.??"]
[EventType "blitz"]
[TimeControl "180"]

1. e4 e5 2. Nf3 Nf6 3. Nxe5 d6 4. Nxf7 Kxf7 5. d4 Be7 6. Nc3 Re8 7. Bc4+ Be6 8.
Bxe6+ Kxe6 9. f4 Kf7 10. e5 Nfd7 11. e6+ Kxe6 12. Qh5 Nf6 13. d5+ Nxd5 14.
Qxd5+ Kd7 15. Qxb7 Bh4+ 16. Kf1 Re1# {Normal} 0-1

[Event "Rated Blitz game"]
[Site "?"]
[Date "2021.07.20"]
[Round "?"]
[White "RatzFatzWeg"]
[Black "TheGratefulDead"]
[Result "1/2-1/2"]
[ECO "C42"]
[WhiteElo "2503"]
[BlackElo "2369"]
[PlyCount "109"]
[EventDate "2021.??.??"]
[EventType "blitz"]
[TimeControl "180+2"]

1. e4 e5 2. Nf3 Nf6 3. Nxe5 d6 4. Nxf7 Kxf7 5. Nc3 g6 6. Bc4+ Be6 7. Bxe6+ Kxe6
8. d4 Bg7 9. Be3 Kf7 10. Qe2 Re8 11. f3 Nbd7 12. h4 Kg8 13. g4 c6 14. h5 Qe7
15. O-O-O Qf7 16. Kb1 b5 17. Qg2 b4 18. Ne2 a5 19. Rh3 a4 20. Rdh1 b3 21. cxb3
axb3 22. a3 Qc4 23. Nc1 Qc2+ 24. Qxc2 bxc2+ 25. Kxc2 c5 26. hxg6 hxg6 27. d5
Ne5 28. Bg5 Nf7 29. Bf4 g5 30. Bg3 Reb8 31. Nd3 Nd7 32. Rb1 Nde5 33. Bxe5 Nxe5
34. Nxe5 Bxe5 35. Rh5 Bf6 36. Rh6 Kf7 37. Rh7+ Bg7 38. Rh5 Kg6 39. Rh3 Rb5 40.
Rh2 Rab8 41. b3 c4 42. b4 c3 43. Kb3 R5b7 44. Rc2 Ra8 45. Rf1 Rba7 46. Ra1 Ra4
47. Raa2 Be5 48. Rf2 R8a7 49. Rf1 Ra8 50. Rh1 R4a7 51. Rc1 Ra4 52. Rcc2 R4a7
53. Rc1 Ra4 54. Rcc2 R4a7 55. Rc1 {Normal} 1/2-1/2

[Event "Rated Blitz game"]
[Site "?"]
[Date "2021.07.20"]
[Round "?"]
[White "RatzFatzWeg"]
[Black "Huljuttelija"]
[Result "0-1"]
[ECO "C42"]
[WhiteElo "2512"]
[BlackElo "2440"]
[PlyCount "125"]
[EventDate "2021.??.??"]
[EventType "blitz"]
[TimeControl "180+2"]

1. e4 e5 2. Nf3 Nf6 3. Nxe5 d6 4. Nxf7 Kxf7 5. Nc3 c5 6. Bc4+ d5 7. Nxd5 Be6 8.
Ne3 Nc6 9. Bxe6+ Kxe6 10. d3 Bd6 11. O-O Qc7 12. h3 Raf8 13. Nc4 Bf4 14. c3 Ke7
15. d4 b5 16. Ne3 Bxe3 17. Bxe3 c4 18. a4 b4 19. cxb4 Nxb4 20. e5 Nfd5 21. Bg5+
Ke8 22. Rc1 Rf5 23. Bd2 Rhf8 24. Bxb4 Nxb4 25. Qe2 Nd5 26. Rxc4 Qb7 27. Qc2 Nf4
28. f3 Nd5 29. Rc1 Kd7 30. Rc5 R5f7 31. Rb5 Qa8 32. Qb3 Ke6 33. Rcc5 Rd7 34. f4
Rfd8 35. Qg3 Kf7 36. e6+ Kxe6 37. Qg5 Kf7 38. f5 Nf6 39. d5 Rxd5 40. Rc7+ R5d7
41. Rbc5 Qe4 42. Qc1 Qd4+ 43. Kh1 Qd6 44. R7c6 Qd1+ 45. Qxd1 Rxd1+ 46. Kh2 R1d7
47. a5 Rb8 48. Rc2 Rdb7 49. a6 Rd7 50. g4 h6 51. Kg3 Rbd8 52. Rc7 Ke7 53. Rb7
Nd5 54. Kh4 Rxb7 55. axb7 Rb8 56. Rd2 Kd6 57. Kh5 Rxb7 58. Kg6 Ke5 59. Re2+ Kd4
60. Rd2+ Ke4 61. g5 Nf4+ 62. Kh7 hxg5 63. Rd8 {Normal} 0-1

[Event "Rated Blitz game"]
[Site "?"]
[Date "2021.07.20"]
[Round "?"]
[White "RatzFatzWeg"]
[Black "SD63"]
[Result "1-0"]
[ECO "C42"]
[WhiteElo "2505"]
[BlackElo "2564"]
[PlyCount "60"]
[EventDate "2021.??.??"]
[EventType "blitz"]
[TimeControl "180+2"]

1. e4 e5 2. Nf3 Nf6 3. Nxe5 d6 4. Nxf7 Kxf7 5. Nc3 c5 6. Bc4+ Be6 7. Bxe6+ Kxe6
8. d4 cxd4 9. Qxd4 Nc6 10. Qc4+ Kd7 11. Bf4 Qe8 12. O-O-O Qe6 13. Nd5 Be7 14.
Rhe1 Rhc8 15. Kb1 Rab8 16. Qb5 a6 17. Qa4 b5 18. Qxa6 Ke8 19. Nxe7 Qxe7 20.
Bxd6 Qb7 21. Qa3 Ra8 22. Qb3 Qf7 23. e5 Ng4 24. e6 Qf5 25. f3 Nf6 26. g4 Qg6
27. Qxb5 Rxa2 28. Kxa2 Qxc2 29. Rc1 Ra8+ 30. Ba3 Rxa3+ {Normal} 1-0

[Event "Rated Blitz game"]
[Site "?"]
[Date "2021.07.20"]
[Round "?"]
[White "Xanax_2mg"]
[Black "darthpetrov2000"]
[Result "0-1"]
[ECO "C42"]
[WhiteElo "2362"]
[BlackElo "2535"]
[PlyCount "54"]
[EventDate "2021.??.??"]
[EventType "blitz"]
[TimeControl "180"]

1. e4 e5 2. Nf3 Nf6 3. Nxe5 d6 4. Nxf7 Kxf7 5. Bc4+ d5 6. exd5 Bd6 7. O-O Rf8
8. d4 Kg8 9. h3 Nbd7 10. Bb3 b5 11. a4 b4 12. c4 a5 13. c5 Nxc5 14. dxc5 Bxc5
15. Bf4 Kh8 16. Nd2 Ba6 17. Bc4 Nxd5 18. Bxa6 Nxf4 19. Nf3 Rxa6 20. Qc2 Bd6 21.
Rad1 Qf6 22. Qc4 Raa8 23. Nd4 Qg6 24. Qc6 Nxh3+ 25. Kh1 Nf4 26. Nb5 Qh5+ 27.
Kg1 Ne2# {Normal} 0-1

[Event "Rated Blitz game"]
[Site "?"]
[Date "2021.07.19"]
[Round "?"]
[White "Xanax_2mg"]
[Black "Mustafagalal"]
[Result "0-1"]
[ECO "C42"]
[WhiteElo "2400"]
[BlackElo "2363"]
[PlyCount "48"]
[EventDate "2021.??.??"]
[EventType "blitz"]
[TimeControl "180"]

1. e4 e5 2. Nf3 Nf6 3. Nxe5 d6 4. Nxf7 Kxf7 5. Bc4+ d5 6. exd5 Bd6 7. O-O Rf8
8. d4 Kg8 9. Bg5 Qe8 10. Bb3 Qg6 11. h4 h6 12. Bxf6 Qxf6 13. g3 Bh3 14. c4 Bxf1
15. Qxf1 Qxd4 16. Nc3 Bxg3 17. Rd1 Bxf2+ 18. Kh1 Qxh4+ 19. Kg2 Bg3 20. Qxf8+
Kxf8 21. Rf1+ Kg8 22. c5 Qh2+ 23. Kf3 Na6 24. d6+ Kh8 {Normal} 0-1

[Event "Rated Blitz tournament IVOkKplL"]
[Site "?"]
[Date "2021.07.19"]
[Round "?"]
[White "Saparmyrat"]
[Black "ssllaavvaass"]
[Result "1-0"]
[ECO "C42"]
[WhiteElo "2704"]
[BlackElo "2492"]
[PlyCount "55"]
[EventDate "2021.??.??"]
[EventType "blitz"]
[TimeControl "180"]

1. e4 e5 2. Nf3 Nf6 3. Nxe5 d6 4. Nxf7 Kxf7 5. Nc3 Qe8 6. Bc4+ Be6 7. Qe2 Bxc4
8. Qxc4+ d5 9. Nxd5 Qxe4+ 10. Qxe4 Nxe4 11. Nxc7 Bc5 12. Nxa8 Na6 13. d3 Nxf2
14. O-O Rxa8 15. c3 Kg8 16. d4 Bxd4 17. cxd4 Nd3 18. Rf3 Ne1 19. Rc3 Nb4 20. a3
Nd5 21. Rc5 Nf6 22. Bg5 Nd3 23. Rc3 Ne4 24. Rxd3 Nxg5 25. Rc1 Rd8 26. d5 Nf7
27. d6 Nxd6 28. Rcd1 {Normal} 1-0

[Event "Rated Blitz game"]
[Site "?"]
[Date "2021.07.19"]
[Round "?"]
[White "Turayev_X"]
[Black "Rainwalker40"]
[Result "1-0"]
[ECO "C42"]
[WhiteElo "2448"]
[BlackElo "2295"]
[PlyCount "79"]
[EventDate "2021.??.??"]
[EventType "blitz"]
[TimeControl "300"]

1. e4 e5 2. Nf3 Nf6 3. Nxe5 d6 4. Nxf7 Kxf7 5. d4 d5 6. e5 Ne4 7. Nd2 Nxd2 8.
Bxd2 Nc6 9. c3 Be7 10. Bd3 Be6 11. O-O Ke8 12. f4 g6 13. f5 gxf5 14. Rxf5 Kd7
15. Qh5 Qe8 16. Qh3 Qg6 17. Raf1 Rhg8 18. g3 Rae8 19. Be3 Kc8 20. b3 Kb8 21. c4
dxc4 22. bxc4 Bxf5 23. Bxf5 Qg7 24. Bh6 Qh8 25. Be3 Bg5 26. g4 h5 27. Bd7 hxg4
28. Qg3 Bxe3+ 29. Qxe3 g3 30. hxg3 Re7 31. Bxc6 bxc6 32. Rb1+ Kc8 33. Qf3 Qh3
34. Rb3 Reg7 35. Kf2 Qh2+ 36. Ke1 Rxg3 37. Qf5+ Kd8 38. Rb8+ Ke7 39. Qf6+ Kd7
40. Qf7# {Normal} 1-0

[Event "Rated Blitz game"]
[Site "?"]
[Date "2021.07.19"]
[Round "?"]
[White "aleksej1"]
[Black "Ihsan_Kilic"]
[Result "0-1"]
[ECO "C42"]
[WhiteElo "2481"]
[BlackElo "2476"]
[PlyCount "96"]
[EventDate "2021.??.??"]
[EventType "blitz"]
[TimeControl "180"]

1. e4 e5 2. Nf3 Nf6 3. Nxe5 d6 4. Nxf7 Kxf7 5. Nc3 g6 6. Bc4+ Be6 7. Bxe6+ Kxe6
8. O-O Kf7 9. d4 Bg7 10. f4 d5 11. e5 Ne4 12. Nxe4 dxe4 13. c3 Rf8 14. Qb3+ Ke8
15. Qxb7 Nd7 16. Qxe4 Nb6 17. Qc6+ Qd7 18. Qe4 Qd5 19. Qxd5 Nxd5 20. Bd2 Ke7
21. c4 Nb6 22. Bb4+ Ke6 23. d5+ Kf5 24. Bxf8 Bxf8 25. b3 a5 26. h3 h5 27. Kh2
a4 28. Kg3 Bc5 29. Kf3 h4 30. Rfb1 Bd4 31. e6 Bxa1 32. Rxa1 axb3 33. e7 Kf6 34.
axb3 Kxe7 35. Re1+ Kf7 36. Kg4 Ra2 37. Kf3 Ra3 38. Re3 Kf6 39. Kg4 Ra2 40. Kf3
Ra3 41. Re6+ Kf5 42. Re5+ Kf6 43. Re3 Kf5 44. g4+ hxg3 45. Kxg3 Nxc4 46. Rf3
Nd2 47. Rd3 Rxb3 48. Rxb3 Nxb3 {Normal} 0-1

[Event "Rated Blitz game"]
[Site "?"]
[Date "2021.07.19"]
[Round "?"]
[White "Brocha"]
[Black "Prayer791"]
[Result "1-0"]
[ECO "C42"]
[WhiteElo "2501"]
[BlackElo "2528"]
[PlyCount "77"]
[EventDate "2021.??.??"]
[EventType "blitz"]
[TimeControl "180"]

1. e4 e5 2. Nf3 Nf6 3. Nxe5 d6 4. Nxf7 Kxf7 5. d4 Be6 6. Nc3 g6 7. f3 Bg7 8.
Be3 Re8 9. Qd2 Kg8 10. O-O-O d5 11. e5 Nfd7 12. f4 Rf8 13. h3 Nc6 14. g4 Ne7
15. Bd3 b6 16. Ne2 c5 17. c3 Rc8 18. Kb1 a6 19. Rdf1 b5 20. Ng3 b4 21. cxb4
cxd4 22. Bxd4 Nc6 23. Bxa6 Rb8 24. a3 Nb6 25. Bc5 Rf7 26. f5 Nxe5 27. fxe6 Ra7
28. e7 Rxe7 29. Bxe7 Qxe7 30. Rc1 Qd6 31. Rhe1 Rd8 32. Bb5 Nec4 33. Bxc4 Nxc4
34. Rxc4 dxc4 35. Re8+ Kf7 36. Rxd8 Qxg3 37. Qd5+ Ke7 38. Rd7+ Kf6 39. Rf7# {
Normal} 1-0

[Event "Rated Blitz game"]
[Site "?"]
[Date "2021.07.19"]
[Round "?"]
[White "aleksej1"]
[Black "Ihsan_Kilic"]
[Result "0-1"]
[ECO "C42"]
[WhiteElo "2481"]
[BlackElo "2476"]
[PlyCount "70"]
[EventDate "2021.??.??"]
[EventType "blitz"]
[TimeControl "180"]

1. e4 e5 2. Nf3 Nf6 3. Nxe5 d6 4. Nxf7 Kxf7 5. Nc3 Qe8 6. Bc4+ Be6 7. Qe2 c6 8.
Bxe6+ Qxe6 9. O-O Be7 10. d4 Re8 11. h3 Kg8 12. Bd2 Nbd7 13. Rae1 Rf8 14. f4
Rae8 15. f5 Qf7 16. Kh1 Bd8 17. Qf3 Qc4 18. Be3 b5 19. a3 a5 20. Bg1 b4 21.
axb4 axb4 22. Na4 Qxc2 23. b3 Rxe4 24. Rc1 Qe2 25. Qxe2 Rxe2 26. Rxc6 Ne4 27.
Bh2 Bh4 28. Bxd6 Ng3+ 29. Bxg3 Bxg3 30. Nc5 Nf6 31. Re6 Rb2 32. Re3 Nh5 33. Ne6
Rxf5 34. Ref3 Rxf3 35. gxf3 Rxb3 {Normal} 0-1

[Event "Rated Blitz tournament IVOkKplL"]
[Site "?"]
[Date "2021.07.19"]
[Round "?"]
[White "mared2"]
[Black "ssllaavvaass"]
[Result "1-0"]
[ECO "C42"]
[WhiteElo "2435"]
[BlackElo "2483"]
[PlyCount "61"]
[EventDate "2021.??.??"]
[EventType "blitz"]
[TimeControl "180"]

1. e4 e5 2. Nf3 Nf6 3. Nxe5 d6 4. Nxf7 Kxf7 5. d4 Qe8 6. f3 Nc6 7. Nc3 g6 8.
Bc4+ Kg7 9. O-O d5 10. Nxd5 Nxd5 11. Bxd5 Be6 12. Bxe6 Qxe6 13. d5 Bc5+ 14. Kh1
Qe5 15. dxc6 Rad8 16. Qe1 bxc6 17. Bd2 Bd4 18. c3 Bb6 19. Be3 Rd3 20. Bxb6 cxb6
21. Rd1 Rhd8 22. Rxd3 Rxd3 23. Qe2 Qd6 24. e5 Qd5 25. e6 Rd2 26. Qe1 Qg5 27.
Rf2 Rxf2 28. Qxf2 Qc1+ 29. Qg1 Qxb2 30. Qd4+ Kf8 31. Qf6+ {Normal} 1-0

[Event "Rated Blitz game"]
[Site "?"]
[Date "2021.07.19"]
[Round "?"]
[White "FunnyPlz"]
[Black "JuicyKnight"]
[Result "0-1"]
[ECO "C42"]
[WhiteElo "2405"]
[BlackElo "2347"]
[PlyCount "118"]
[EventDate "2021.??.??"]
[EventType "blitz"]
[TimeControl "180+2"]

1. e4 e5 2. Nf3 Nf6 3. Nxe5 d6 4. Nxf7 Kxf7 5. d4 Be7 6. Bc4+ Be6 7. Qe2 Bxc4
8. Qxc4+ d5 9. Qb3 Nc6 10. c3 Nxe4 11. Qxb7 Qd7 12. O-O Rab8 13. Qa6 Rhf8 14.
f3 Nf6 15. b3 Kg8 16. Bg5 Rb6 17. Qd3 Nd8 18. Nd2 Ne6 19. Be3 c5 20. dxc5 Bxc5
21. Rae1 Nf4 22. Qc2 Bxe3+ 23. Rxe3 Ng6 24. Rfe1 d4 25. cxd4 Qxd4 26. Qc4+ Qxc4
27. Nxc4 Ra6 28. a4 Rb8 29. Rd1 h6 30. g4 Nf4 31. Rd4 N4d5 32. Red3 Nb4 33.
Rd8+ Rxd8 34. Rxd8+ Kf7 35. Rb8 Nbd5 36. Kf2 Re6 37. Rb7+ Re7 38. Ne5+ Ke6 39.
Rxe7+ Kxe7 40. Nc6+ Kd6 41. Nxa7 Kc5 42. h4 Kb4 43. g5 hxg5 44. hxg5 Nd7 45.
Nc6+ Kxb3 46. a5 Nc7 47. f4 Kc4 48. Ke3 Kb5 49. Ne7 Kxa5 50. Nf5 g6 51. Ne7 Nf8
52. Ke4 Kb5 53. Ke5 Kc5 54. Kf6 Nd5+ 55. Nxd5 Kxd5 56. Kf7 Ke4 57. Kxf8 Kxf4
58. Kg7 Kxg5 59. Kh7 Kh5 {Normal} 0-1

[Event "Rated Blitz game"]
[Site "?"]
[Date "2021.07.19"]
[Round "?"]
[White "Brocha"]
[Black "sabke"]
[Result "0-1"]
[ECO "C42"]
[WhiteElo "2529"]
[BlackElo "2573"]
[PlyCount "128"]
[EventDate "2021.??.??"]
[EventType "blitz"]
[TimeControl "180"]

1. e4 e5 2. Nf3 Nf6 3. Nxe5 d6 4. Nxf7 Kxf7 5. d4 c5 6. dxc5 Qa5+ 7. Nc3 Qxc5
8. Be2 Be6 9. O-O Be7 10. Be3 Qc6 11. Bf3 Qd7 12. Qd2 Nc6 13. Rad1 Ne5 14. Be2
Rac8 15. f4 Nc4 16. Bxc4 Bxc4 17. Rf3 Qc6 18. e5 Ne4 19. Nxe4 Qxe4 20. exd6 Bf6
21. d7 Rcd8 22. Bxa7 Rhf8 23. Bb6 Qc6 24. Bxd8 Rxd8 25. b3 Be6 26. Rd3 Bf5 27.
Rd6 Qc5+ 28. Kh1 Bc3 29. Qd5+ Qxd5 30. R6xd5 Be4 31. Rc5 Bf6 32. Rc8 Bc6 33.
Rxd8 Bxd8 34. h3 Ke7 35. Kh2 Bxd7 36. g4 Bc7 37. Kg3 g5 38. Rd4 Bxf4+ 39. Rxf4
gxf4+ 40. Kxf4 Kf6 41. h4 Bc6 42. g5+ Ke6 43. h5 Be8 44. g6 hxg6 45. hxg6 Bxg6
46. c3 Bb1 47. a3 Bc2 48. b4 Kd5 49. Ke3 Kc4 50. Kd2 Kb3 51. c4 Be4 52. c5 Bc6
53. Kd3 Kxa3 54. Kc4 Ka4 55. b5 Bxb5+ 56. Kd5 Bc6+ 57. Kd4 Ka5 58. Kc3 Kb5 59.
Kd4 Kb4 60. Kd3 Kxc5 61. Kd2 b5 62. Kc2 b4 63. Kb2 Kb5 64. Kc1 Bd5 {Time
forfeit} 0-1

[Event "Rated Blitz game"]
[Site "?"]
[Date "2021.07.19"]
[Round "?"]
[White "Xanax_2mg"]
[Black "ssllaavvaass"]
[Result "0-1"]
[ECO "C42"]
[WhiteElo "2374"]
[BlackElo "2480"]
[PlyCount "72"]
[EventDate "2021.??.??"]
[EventType "blitz"]
[TimeControl "180"]

1. e4 e5 2. Nf3 Nf6 3. Nxe5 d6 4. Nxf7 Kxf7 5. Bc4+ d5 6. exd5 Bd6 7. O-O Rf8
8. d4 Kg8 9. Bb3 Kh8 10. h3 Bf5 11. c4 b6 12. Nc3 Nbd7 13. Bg5 h6 14. Bh4 Qe8
15. Bg3 Qg6 16. Kh2 Rae8 17. Nb5 Ne4 18. Nxd6 Nxg3 19. fxg3 Qxd6 20. Qh5 Bg6
21. Qg4 Re4 22. Rxf8+ Nxf8 23. Qf3 Rxd4 24. Rf1 Nd7 25. Qf2 Re4 26. Bc2 Rxc4
27. Bxg6 Qxg6 28. Qe2 Rc2 29. Qe7 Nf6 30. Re1 Kh7 31. Re6 Nxd5 32. Qe8 Rxg2+
33. Kxg2 Nf4+ 34. Kh2 Nxe6 35. Qc6 Ng5 36. h4 Qxc6 {Normal} 0-1

[Event "Rated Blitz game"]
[Site "?"]
[Date "2021.07.18"]
[Round "?"]
[White "ronniak2"]
[Black "schpringer"]
[Result "1-0"]
[ECO "C42"]
[WhiteElo "2226"]
[BlackElo "2439"]
[PlyCount "81"]
[EventDate "2021.??.??"]
[EventType "blitz"]
[TimeControl "180"]

1. e4 e5 2. Nf3 Nf6 3. Nxe5 d6 4. Nxf7 Kxf7 5. Nc3 Be7 6. f4 Re8 7. d4 Kg8 8.
Bd3 c5 9. e5 dxe5 10. dxe5 Bg4 11. Qd2 Nfd7 12. Qf2 Nc6 13. O-O Kh8 14. h3 Be6
15. f5 Bd5 16. Nxd5 Ndxe5 17. Nxe7 Qxe7 18. Bf4 Nxd3 19. cxd3 Rad8 20. Rae1 Qf7
21. Rxe8+ Rxe8 22. Bd6 Qxa2 23. f6 Qf7 24. fxg7+ Qxg7 25. Bxc5 Rg8 26. d4 b6
27. Ba3 Nxd4 28. b4 Qg3 29. Bb2 Qxf2+ 30. Rxf2 Rd8 31. Rd2 Kg8 32. Rxd4 Rc8 33.
Rd7 a5 34. bxa5 bxa5 35. Rg7+ Kf8 36. Rxh7 Rc2 37. Bd4 a4 38. Ra7 Ra2 39. h4
Kg8 40. h5 Re2 41. h6 {Normal} 1-0

[Event "Rated Blitz tournament zgJRZ4WF"]
[Site "?"]
[Date "2021.07.18"]
[Round "?"]
[White "June31"]
[Black "Chomsy"]
[Result "1-0"]
[ECO "C42"]
[WhiteElo "2663"]
[BlackElo "2330"]
[PlyCount "59"]
[EventDate "2021.??.??"]
[EventType "blitz"]
[TimeControl "300"]

1. e4 e5 2. Nf3 Nf6 3. Nxe5 d6 4. Nxf7 Kxf7 5. d4 Nc6 6. Nc3 Be7 7. Bc4+ Ke8 8.
O-O Bg4 9. f3 Bh5 10. Be3 Qd7 11. Kh1 Bf7 12. Bxf7+ Kxf7 13. f4 Rhf8 14. e5 Ng4
15. Bg1 Qf5 16. h3 h5 17. d5 Na5 18. e6+ Kg6 19. Ne2 c6 20. Ng3 Qxd5 21. hxg4
Qxd1 22. f5+ Kg5 23. Raxd1 hxg4 24. Be3+ Kf6 25. Nh5+ Ke5 26. Bd4+ Ke4 27. Rf4+
Kd5 28. Bxa7+ Ke5 29. Re1+ Kd5 30. Rd4# {Normal} 1-0